Description

Clem vs Heromarine Safe Raven economic, tank marine

VOD

https://youtu.be/HchGP7qJmAM?t=1212

Replay - HeroMarine v LiquidClem: Game 2 - Romanticide LE

Build Order

Get SALT Encoding   

  14  0:17  Supply Depot  
  15  0:40  Barracks  
  16  0:44  Refinery  
  19  1:27  Orbital Command, Reaper  
  20  1:40  Command Center  
  20  1:52  Supply Depot  
  21  1:59  Marine  
  23  2:09  Factory  
  23  2:18  Marine, Refinery  
  25  2:27  Bunker  
  26  2:36  Marine  
  28  2:52  Orbital Command  
  28  2:54  Hellion  
  28  2:55  Barracks Reactor  
  31  3:07  Starport  
  32  3:18  Factory Tech Lab  
  34  3:31  Marine x2  
  38  3:38  Cyclone  
  40  3:42  Supply Depot  
  40  3:45  Starport Tech Lab  
  42  3:49  Marine x2  
  45  4:01  Supply Depot  
  46  4:04  Raven  
  50  4:14  Command Center  
  50  4:16  Marine x2  
  52  4:23  Siege Tank  
  57  4:27  Supply Depot  
  61  4:49  Barracks x2  
  61  4:52  Stimpack, Starport Reactor  
  61  4:54  Refinery x2  
  60  5:00  Marine  
  61  5:10  Engineering Bay x2  
  63  5:18  Siege Tank  
  68  5:26  Orbital Command  
  69  5:35  Starport Reactor  
  71  5:39  Terran Infantry Weapons Level 1  
  74  5:45  Terran Infantry Armor Level 1  
  78  5:53  Siege Tank  
  80  6:00  Orbital Command  
  80  6:04  Barracks x2  
  85  6:18  Medivac x2  
  93  6:31  Combat Shield  
  102  6:43  Siege Tank  
  107  6:50  Medivac  
  107  6:53  Barracks Reactor  
  109  6:55  Medivac  
  118  7:09  Barracks Reactor  
  124  7:23  Medivac, Siege Tank  
  130  7:33  Refinery x2  
  130  7:35  Armory  
  133  7:39  Medivac  
  134  8:07  Siege Tank  
  134  8:09  Medivac x2  
  138  8:17  Command Center  
  133  8:31  Terran Infantry Weapons Level 2, Terran Infantry Armor Level 2  
  141  8:52  Medivac x2, Siege Tank  
  145  9:13  Factory  
  149  9:22  Barracks x2  
  149  9:23  Barracks Reactor  
  157  9:25  Siege Tank  
  160  9:37  Terran Vehicle Weapons Level 1  
  165  9:43  Refinery x2  
  169  9:47  Sensor Tower  
  173  9:53  Sensor Tower  
  173  9:57  Siege Tank  
Spawning Tool Build Advisor. Get it on Overwolf

Go to:

Details

  • Created by: boss_starcraft
  • Published on: Jul 19, 2021
  • Modified on: Jul 19, 2021
  • Patch: 4.11.0
  • Difficulty: Medium
Show
View Real Time Build Order
Export as new Build Order

Comments (0)

There are no comments. Be the first!

Create an account to comment!